 Dungeon Crawl Stone Soup version 0.21-a0-525-ga34b322 (webtiles) character file.

287 Gildeon the Slasher (level 6, -1/50 HPs)
             Began as a Human Fighter on Dec 7, 2017.
             Slain by an ogre
             ... wielding a +0 giant club
              (21 damage)
             ... on level 4 of the Dungeon.
             The game lasted 00:11:02 (3131 turns).

Gildeon the Slasher (Human Fighter)                 Turns: 3131, Time: 00:11:02

Health: -1/50      AC:  3    Str: 16    XL:     6   Next: 56%
Magic:  6/6        EV: 11    Int: 10    God:
Gold:   131        SH:  0    Dex: 13    Spells: 1/5 levels left

rFire    . . .     SeeInvis .   a - +0 long sword
rCold    . . .     Gourm    +   (no shield)
rNeg     . . .     Faith    .   i - +0 leather armour
rPois    +         Spirit   .   (no helmet)
rElec    .         Reflect  .   (no cloak)
rCorr    .         Harm     .   (no gloves)
MR       .....                  (no boots)
Stlth    +.........             g - amulet of the gourmand
HPRegen  0.16/turn              f - ring of poison resistance
MPRegen  0.10/turn              (no ring)

@: no status effects
A: no striking features
a: no special abilities


You were on level 4 of the Dungeon.
You were not hungry.

You visited 1 branch of the dungeon, and saw 4 of its levels.

You collected 131 gold pieces.

Inventory:

Hand Weapons
 a - a +0 long sword (weapon)
Armour
 b - a +0 scale mail
 c - a +0 shield
 h - a +1 chain mail
 i - a +0 leather armour (worn)
Jewellery
 f - a ring of poison resistance (left hand)
 g - an amulet of the gourmand (around neck)
Scrolls
 l - a scroll of remove curse
 p - 2 scrolls of blinking
 s - 2 scrolls of teleportation
Potions
 d - a potion of might
 e - a potion of magic
 j - 2 potions of curing
 m - 2 potions of ambrosia
 o - a potion of brilliance {unknown}
 r - 2 potions of heal wounds {unknown}
Books
 t - a book of Misfortune

   Spells                             Type                      Level
   a - Confusing Touch                Hexes                        1
   b - Confuse                        Hexes                        3
   c - Gell's Gravitas                Translocation                3
   d - Petrify                        Transmutation/Earth          4
   e - Metabolic Englaciation         Hexes/Ice                    5
   f - Yara's Violent Unravelling     Hexes/Transmutation          5
Comestibles
 k - 5 fruits
 n - 3 royal jellies
 q - a meat ration
 u - a bread ration


   Skills:
 + Level 4.8 Fighting
 - Level 5.1 Long Blades
 - Level 3.0 Armour
 - Level 3.0 Shields


You had one spell level left.
You knew the following spells:

 Your Spells              Type           Power        Failure   Level  Hunger
a - Confusing Touch       Hex            #.....       41%         1    ##.....
b - Confuse               Hex            #.......     80%         3    ####...


Dungeon Overview and Level Annotations

Branches:
Dungeon (4/15)
 Temple: D:4-7

Altars:


Message History

Keep disrobing?
You start removing your armour.
You continue taking off your +0 shield. x4
You finish taking off your +0 shield.
You slash the ogre!
The ogre is heavily wounded.
The ogre hits you with a giant club!
You hit the ogre.
The ogre is heavily wounded.
The ogre barely misses you.
You riposte.
You slash the ogre!
The ogre is severely wounded.
You closely miss the ogre.
The ogre is severely wounded.
The ogre hits you with a giant club!!
You hit the ogre but do no damage.
The ogre is severely wounded.
The ogre barely misses you.
You hit the ogre but do no damage.
The ogre is severely wounded.
The ogre hits you with a giant club!!
You die...

##.)####..........#..#...######.
#..## #####..######............
##.## #### ##..#........ #.##
##.####...... .## #..# ###....
.# ############.## ###.. ##
#.........##.# ##. #
.............# #. ......O@....##
#.. ............# #..
...........## #.. ...%.......#
#.. ...........# #..
..........## ##. #########.# ##
##


You could see an ogre.

Vanquished Creatures
  Sigmund (D:4)
  2 worker ants (D:4)
  3 adders
  An ooze (D:1)
  A dart slug (D:1)
  2 leopard geckos
  10 bats
  3 giant cockroaches
  4 goblins
  4 hobgoblins
  8 kobolds
  3 frilled lizards
  7 rats
  A fungus (D:1)
50 creatures vanquished.

Notes
Turn   | Place    | Note
-------+----------+-------------------------------------------
     0 | D:1      | Gildeon the Human Fighter began the quest for the Orb.
     0 | D:1      | Reached XP level 1. HP: 18/18 MP: 1/1
   163 | D:1      | Reached XP level 2. HP: 24/24 MP: 2/2
   342 | D:1      | Reached skill level 3 in Long Blades
   377 | D:1      | Reached XP level 3. HP: 28/29 MP: 3/3
   430 | D:1      | You fall through a shaft!
  1527 | D:2      | Reached skill level 4 in Long Blades
  1527 | D:2      | Reached XP level 4. HP: 32/35 MP: 4/4
  2690 | D:4      | Reached XP level 5. HP: 41/41 MP: 5/5
  2895 | D:4      | Reached skill level 5 in Long Blades
  2899 | D:4      | Learned a level 1 spell: Confusing Touch
  2903 | D:4      | Learned a level 3 spell: Confuse
  2933 | D:4      | Noticed Sigmund
  2974 | D:4      | Killed Sigmund
  2974 | D:4      | Reached XP level 6. HP: 32/50 MP: 6/6
  3121 | D:4      | Noticed an ogre
  3131 | D:4      | Slain by an ogre

Vault maps used:
D:1:      dpeg_cavernosity, serial_forest, infiniplex_forest_clump_long,
          infiniplex_forest_straight_2, infiniplex_forest_fountain,
          infiniplex_forest_lined_room_2, infiniplex_forest_lined_3,
          infiniplex_forest_lined_3, infiniplex_forest_clump_small
D:4:      first_bread, uniq_sigmund

Skill      XL: |  1  2  3  4  5 |
---------------+----------------+-----
Long Blades    | 3 4 5 |  5.1
Fighting       | 4 |  4.8
Armour         | |  3.0
Shields        | |  3.0

Action                   |  1- 3 |  4- 6 || total
-------------------------+-------+-------++-------
Melee: Long sword        |   125 |    95 ||   220
  Use: Scroll            |     2 |     6 ||     8
       Potion            |       |     2 ||     2
  Eat: Chunk             |     1 |     4 ||     5
       Bread ration      |     1 |       ||     1
Armor: Scale mail        |    16 |       ||    16
       Chain mail        |    63 |    64 ||   127
Dodge: Dodged            |    28 |    21 ||    49
Block: Shield            |    57 |    53 ||   110
       Rpst.: Long sword |    14 |     6 ||    20

Table legend:
 A = Spawn XP
 B = Non-spawn XP
 C = Spawn XP percentage of total XP
 D = Spawn monster count
 E = Non-spawn monster count
 F = Spawn count percentage of total count
 G = Total turns spent on level
                    A         B        C        D         E        F      G
               +---------+---------+-------+---------+---------+-------+---------
         Total |       0 |     411 |   0.0 |       0 |      49 |   0.0 |  3131
               +---------+---------+-------+---------+---------+-------+---------
           D:1 |       0 |      43 |   0.0 |       0 |      21 |   0.0 |  1229
           D:2 |       0 |      51 |   0.0 |       0 |      18 |   0.0 |   742
           D:3 |       0 |      23 |   0.0 |       0 |       7 |   0.0 |   705
           D:4 |       0 |     294 |   0.0 |       0 |       3 |   0.0 |   455
               +---------+---------+-------+---------+---------+-------+---------
